 Dungeon Crawl Stone Soup version 0.30-a0-304-gdc4b735fe1 (webtiles) character file.

Game seed: 12684582235927949090

41978 RascalDebosk the Thaumaturge (level 14, -5/112 HPs)
             Began as a Djinni Air Elementalist on Oct 20, 2022.
             Was a Believer of Ashenzari.
             Slain by a cane toad (12 damage)
             ... on level 5 of the Lair of Beasts.
             The game lasted 02:33:51 (20001 turns).

RascalDebosk the Thaumaturge (DjAE)                Turns: 20001, Time: 02:33:51

Health: -5/112     AC: 22    Str: 13    XL:     14   Next: 52%
Gold:   1293       EV: 12    Int: 21    God:    Ashenzari [**....] SH:  0 Dex: 21

rFire   + + .      SeeInvis +    M - +7 spear of Supernal Gnosis {freeze, +Blink rN+ Will+, Self, Cun} (curse)
rCold   x . .      Faith    .    (no shield)
rNeg    + . .      Spirit   .    N - +8 scale mail of the Eternal Sky {*Slow +Blink rElec Stlth+, Self, Fort} (curse)
rPois   ∞          Reflect  .    n - +2 helmet of the Shattered Portent {Melee, Self} (curse)
rElec   +          Harm     .    E - scarf {repulsion}
rCorr   .          Rampage  .    q - +1 pair of gloves
Will    ++...                    (boots unavailable)
Stlth   ++........               a - amulet of the acrobat
HPRegen 0.38/turn                d - +6 ring of strength
MPRegen 0.00/turn                u - +6 ring of dexterity

@: flying, repel missiles
A: sickness immunity, fire resistance 2, cold vulnerability 1, float, innate
caster, HP casting, extra vitality 1
a: Renounce Religion, Evoke Blink, Curse Item, Shatter the Chains


You were on level 5 of the Lair of Beasts.
You worshipped Ashenzari.
Ashenzari was pleased with you.
You visited 3 branches of the dungeon, and saw 17 of its levels.
You also visited: Sewer, Bailey and Ice Cave.

You collected 1293 gold pieces.

Inventory:

Hand Weapons
 m - a +3 short sword of venom
 s - a +2 dagger of freezing
 y - a +0 long sword
 M - the cursed +7 spear of Supernal Gnosis (weapon) {freeze, +Blink rN+ Will+, Self, Cun}
   (You found it on level 4 of the Dungeon)

   It freezes those it strikes, dealing additional cold damage.
   It can also slow down cold-blooded creatures.
   rN:        It protects you from negative energy.
   +Blink:    It lets you blink.
   Will:      It increases your willpower.
   It has a curse which improves the following skills: Introspection: Fighting
   and Spellcasting.
   Cunning:   Dodging and Stealth.
Missiles
 h - 3 throwing nets {@!f}
Armour
 n - the cursed +2 helmet of the Shattered Portent (worn) {Melee, Self}
   (You found it on level 2 of the Dungeon)

   It has a curse which improves the following skills: Melee Combat: Short
   Blades, Long Blades, Axes, Maces & Flails, Polearms, Staves and Unarmed
   Combat.
   Introspection: Fighting and Spellcasting.
 q - a +1 pair of gloves (worn)
 B - a +2 robe of willpower
 E - a scarf of repulsion (worn)
 N - the cursed +8 scale mail of the Eternal Sky (worn) {*Slow +Blink rElec Stlth+, Self, Fort}
   (You found it on level 7 of the Dungeon)

   rElec:     It insulates you from electricity.
   +Blink:    It lets you blink.
   *Slow:     It may slow you when you take damage.
   Stlth:     It makes you more stealthy.
   It has a curse which improves the following skills: Introspection: Fighting
   and Spellcasting.
   Fortitude: Armour and Shields.
Magical Staves
 c - a staff of conjuration
Jewellery
 a - an amulet of the acrobat (around neck)
 d - a +6 ring of strength (left hand)
 u - a +6 ring of dexterity (right hand)
 x - a +6 ring of strength
Wands
 i - a wand of flame (34)
 C - a wand of iceblast (35)
 J - a wand of digging (6)
 K - a wand of acid (13)
Scrolls
 e - 3 scrolls of silence
 f - 2 scrolls of fog
 g - 2 scrolls of blinking
 j - 6 scrolls of noise
 k - 5 scrolls of vulnerability
 r - 5 scrolls of poison
 t - 9 scrolls of teleportation
 w - 2 scrolls of enchant weapon
 A - 6 scrolls of magic mapping
Potions
 b - 3 potions of attraction
 l - 3 potions of mutation
 o - 6 potions of curing
 p - 2 potions of heal wounds
 v - 4 potions of might
 z - 2 potions of haste
 D - a potion of lignification
 G - 4 potions of cancellation
 H - 2 potions of brilliance
 I - a potion of invisibility
 L - a potion of berserk rage
Miscellaneous
 F - a phial of floods


   Skills:
 + Level 12.4(14.8) Fighting
 - Level 3.1(4.2) Short Blades
 - Level 4.6(5.8) Polearms
 + Level 8.4(9.7) Armour
 - Level 3.7(4.9) Dodging
 - Level 1.5(2.4) Stealth
 * Level 13.7(16.2) Spellcasting
 - Level 4.0 Evocations


You had 15 spell levels left.
You knew the following spells:

 Your Spells              Type           Power      Damage    Failure   Level
a - Shock                 Conj/Air       100%       1d9       0%          1
b - Static Discharge      Conj/Air       100%       2-7/arc   1%          2
c - Swiftness             Air            71%        N/A       1%          3
d - Airstrike             Air            35%        2d(6-22)  1%          4
e - Beastly Appendage     Tmut           100%       N/A       0%          1
f - Ensorcelled Hibernat  Hex/Ice        100%       N/A       1%          2
g - Kindle Blastsparks    Fire/Tloc/Air  100%       2d18      1%          3
h - Olgreb's Toxic Radia  Pois           71%        N/A       1%          4
i - Freezing Cloud        Conj/Ice/Air   35%        6-21      1%          5
j - Iskenderun's Battles  Conj           71%        2d12      1%          5
Your spell library was empty.

Dungeon Overview and Level Annotations

Branches:
Dungeon (11/15)            Temple (1/1) D:5            Lair (5/5) D:11
 Shoals (0/4) Lair:3        Snake (0/4) Lair:2          Orc (0/2) D:9
  Sewer (visited)          Bailey (visited)           IceCv (visited)
  Slime: Lair:4-5

Altars:
Ashenzari
Cheibriados
Dithmenos
Elyvilon
Fedhas
Gozag
Hepliaklqana
Makhleb
Nemelex Xobeh
Okawaru
Qazlal
Ru
Trog
Uskayaw
Wu Jian
Xom
Yredelemnul
Zin
The Shining One

Shops:
D:9 (

Portals:
Trove: D:10 (give +4 demon blade)

Annotations:
Lair:2 2 transporters, HilariousDeathArtist's ghost, journeyman HOWr


Innate Abilities, Weirdness & Mutations

You are immune to sickness and miasma.
You are immune to poison.
Your flesh is very heat resistant. (rF++)
You are vulnerable to cold. (rC-)
You float through the air rather than walking.
You learn spells naturally, not from books.
Your magical power is your life essence.
You have superior vitality. (+4 MHP)


Message History

The cane toad is struck by an arc of lightning.
The cane toad is lightly wounded.
The cane toad is struck by an arc of lightning.
The cane toad is heavily wounded.
The rime drake is struck by an arc of lightning.
The rime drake is almost dead.
You resist.
You are struck by an arc of lightning.
* * * LOW HITPOINT WARNING * * *
The lightning grounds out.
* * * LOW HITPOINT WARNING * * *
The rime drake bites you but does no damage.
The cane toad stings you but does no damage.
The cane toad stings you!
* * * LOW HITPOINT WARNING * * *
The blink frog is engulfed in freezing vapours.
The blink frog seems to slow down.
You feel much better. The rime drake breathes ice at you.
The flash freeze hits you but does no damage.
You are encased in ice.
The cane toad stings you.
* * * LOW HITPOINT WARNING * * *
The cane toad closely misses you. The cane toad barely misses you.
Casting: Static Discharge (safe; 1% risk of failure)
Confirm with . or Enter, or press ? or * to list all spells.
The cane toad is struck by an arc of lightning.
The cane toad is lightly wounded.
The blink frog is struck by an arc of lightning.
The blink frog is severely wounded.
The lightning grounds out.
The rime drake is struck by an arc of lightning.
You kill the rime drake!
The cane toad is struck by an arc of lightning.
The cane toad is heavily wounded.
The lightning grounds out.
The cane toad is struck by an arc of lightning!
The cane toad is moderately wounded.
You resist.
You are struck by an arc of lightning.
* * * LOW HITPOINT WARNING * * *
The cane toad is struck by an arc of lightning.
The cane toad is lightly wounded.
The cane toad is struck by an arc of lightning!
The cane toad is severely wounded.
The lightning grounds out.
* * * LOW HITPOINT WARNING * * *
You feel stable enough to blink again. The cane toad stings you!
* * * LOW HITPOINT WARNING * * *
The blink frog blinks!
The cane toad stings you.
* * * LOW HITPOINT WARNING * * *
The cane toad closely misses you. The cane toad stings you!
* * * LOW HITPOINT WARNING * * *
You feel much better. The cane toad stings you!!
* * * LOW HITPOINT WARNING * * *
The blink frog blinks!
The cane toad stings you but does no damage.
The blink frog hits you but does no damage.
The cane toad closely misses you.
Ashenzari invites you to partake of a vision and a curse of ranged combat and cunning.
You feel much better.
The cane toad stings you but does no damage.
The blink frog hits you.
* * * LOW HITPOINT WARNING * * *
The cane toad stings you but does no damage.
The cane toad closely misses you. The cane toad stings you!
* * * LOW HITPOINT WARNING * * *
Casting: Static Discharge (safe; 1% risk of failure)
Confirm with . or Enter, or press ? or * to list all spells.
The cane toad is struck by an arc of lightning.
The cane toad is almost dead.
The cane toad is struck by an arc of lightning!
The cane toad is heavily wounded.
The cane toad is struck by an arc of lightning.
The cane toad is almost dead.
You resist.
You are struck by an arc of lightning.
* * * LOW HITPOINT WARNING * * *
The lightning grounds out.
* * * LOW HITPOINT WARNING * * *
The ice encasing you melts away.
The blink frog hits you but does no damage.
The cane toad barely misses you. The cane toad stings you.
* * * LOW HITPOINT WARNING * * *
The cane toad stings you but does no damage.
The blink frog hits you but does no damage.
Casting: Static Discharge (safe; 1% risk of failure)
Confirm with . or Enter, or press ? or * to list all spells.
The cane toad is struck by an arc of lightning.
The cane toad is severely wounded.
The cane toad is struck by an arc of lightning!
You kill the cane toad!
The cane toad is struck by an arc of lightning.
The cane toad is severely wounded.
You resist.
You are struck by an arc of lightning.
* * * LOW HITPOINT WARNING * * *
The cane toad is struck by an arc of lightning.
The cane toad is moderately wounded.
The lightning grounds out.
* * * LOW HITPOINT WARNING * * *
The cane toad stings you!
You die...

~~............. ,
* ~
~~.P.............#
, *
~~~...............
~~~P..............
, *
#~~~..............
, ~ *
≈~PP~.............
,,
≈~≈.......F.......
~
~~~.#§...FF.......
~~.,#††...@.......
,, ~~,
#<...F†....... , *
##☼...........#
,#.............. ,
~~ #......○.......
, ~
,~#..............
, ~ ~
#.............# *
~ ~
#...............
,#............,* *


You could see 2 cane toads and 2 blink frogs.

Vanquished Creatures
  An orc warlord (Bailey)
  A hydra (Lair:5)
  11 death yaks
  3 two-headed ogres
  Sonja (D:10)
  Lodul (D:10)
  A goliath frog (Lair:5)
  A cyclops (D:11)
  A merfolk siren (Lair:3)
  Joseph (D:9)
  3 elephants (Lair:3)
  4 black mambas (Lair:2)
  2 torpor snails (Lair:4)
  7 cane toads
  4 komodo dragons
  An unseen horror (D:11)
  Psyche (D:10)
  2 rime drakes
  2 ice devils (IceCv)
  5 polar bears
  A troll (D:11)
  A hornet (D:9)
  11 blink frogs
  2 shadows
  2 wyverns
  2 wraiths
  Sigmund (D:2)
  37 yaks
  A steam dragon (D:9)
  A basilisk (Lair:4)
  A death yak simulacrum (IceCv)
  Edmund (D:6)
  20 water moccasins
  10 orc warriors
  3 ice beasts
  4 black bears
  10 ogres
  A centaur (D:9)
  5 kobold brigands
  14 bullfrogs
  3 gnoll sergeants
  4 scorpions
  A necrophage (D:6)
  A cane toad simulacrum (IceCv)
  15 killer bees
  An electric eel (Lair:1)
  2 howler monkeys
  A lava snake (D:10)
  A hound (D:6)
  2 jellies
  7 orc priests
  3 gnoll boudas
  An iron imp (D:5)
  An iguana (D:6)
  Terence (D:2)
  Natasha (thrice) (D:3)
  5 hell rats (Lair:4)
  6 orc wizards
  3 troll simulacra (IceCv)
  29 gnolls
  A river rat (Sewer)
  9 adders
  2 shadow imps
  4 white imps
  2 ufetubi
  2 worms (D:5)
  3 dart slugs
  27 orcs
  10 ball pythons
  3 bats
  9 endoplasms
  6 giant cockroaches
  19 goblins
  8 hobgoblins
  A jackal (Sewer)
  39 kobolds
  7 quokkas
  3 frilled lizards
  9 rats
435 creatures vanquished.

Vanquished Creatures (others)
  25 fungi
  89 plants
114 creatures vanquished.

Grand Total: 549 creatures vanquished

Notes
Turn   | Place    | Note
-------+----------+-------------------------------------------
     0 | D:1      | RascalDebosk the Djinni Air Elementalist began the quest
                  | for the Orb.
     0 | D:1      | RascalDebosk set off with the following spells memorised:
                  | Shock, Static Discharge, Swiftness, Airstrike.
     0 | D:1      | Reached XP level 1. HP: 15/15 MP: 0/0
   620 | D:1      | Reached XP level 2. HP: 20/22 MP: 0/0
  1099 | D:2      | Reached skill level 1 in Fighting
  1202 | D:2      | Reached XP level 3. HP: 19/27 MP: 0/0
  1202 | D:2      | Learned a level 1 spell: Beastly Appendage
  1203 | D:2      | Reached skill level 3 in Spellcasting
  1325 | D:2      | Noticed Terence
  1336 | D:2      | Killed Terence
  1337 | D:2      | Reached XP level 4. HP: 11/33 MP: 0/0
  1450 | D:2      | Found a faded altar of an unknown god.
  1548 | D:2      | Noticed Sigmund
  1560 | D:2      | Killed Sigmund
  1561 | D:2      | Reached skill level 4 in Spellcasting
  1561 | D:2      | Reached XP level 5. HP: 5/40 MP: 0/0
  1561 | D:2      | Learned a level 2 spell: Ensorcelled Hibernation
  1561 | D:2      | Reached XP level 6. HP: 6/45 MP: 0/0
  2837 | D:3      | Noticed Natasha
  2842 | D:3      | Killed Natasha
  3032 | D:3      | Found a bloodstained altar of Trog.
  3152 | D:3      | Noticed Natasha
  3161 | D:3      | Killed Natasha
  3419 | D:3      | Noticed Natasha
  3423 | D:3      | Killed Natasha
  3424 | D:3      | Reached skill level 1 in Short Blades
  3514 | D:4      | Identified the +7 spear of the Grey Skies {freeze, +Blink
                  | rN+ Will+}
  3522 | D:4      | Found a stormy altar of Qazlal.
  3543 | D:4      | Reached XP level 7. HP: 46/50 MP: 0/0
  3543 | D:4      | Learned a level 3 spell: Kindle Blastsparks
  3852 | D:4      | Reached skill level 5 in Spellcasting
  4208 | D:5      | Entered Level 5 of the Dungeon
  4233 | D:5      | Found a snail-covered altar of Cheibriados.
  4675 | D:5      | Found a glowing drain.
  4684 | Sewer    | Entered a sewer
  4870 | Sewer    | Reached XP level 8. HP: 52/58 MP: 0/0
  4919 | Sewer    | Found a white marble altar of Elyvilon.
  5150 | D:5      | Noticed a +0 dagger
  5161 | D:5      | Found a hide-covered altar of Uskayaw.
  5161 | D:5      | Noticed a +0 hand axe
  5313 | D:5      | Found a staircase to the Ecumenical Temple.
  5323 | Temple   | Entered the Ecumenical Temple
  5333 | Temple   | Became a worshipper of Ashenzari the Shackled
  5987 | D:5      | Reached skill level 6 in Spellcasting
  6341 | D:6      | Reached skill level 5 in Fighting
  6453 | D:6      | Noticed Edmund
  6460 | D:6      | Killed Edmund
  6461 | D:6      | Reached XP level 9. HP: 20/66 MP: 0/0
  6461 | D:6      | Learned a level 4 spell: Olgreb's Toxic Radiance
  7084 | D:6      | Reached skill level 7 in Spellcasting
  7133 | D:6      | Reached skill level 1 in Polearms
  7773 | D:7      | Found a flagged portal.
  7789 | Bailey   | Entered a bailey
  7850 | Bailey   | Noticed an orc warlord
  7902 | Bailey   | Found a runed translucent gate.
  7903 | Bailey   | Found a runed translucent gate.
  7904 | Bailey   | Found a runed translucent gate.
  8141 | Bailey   | Killed an orc warlord
  8142 | Bailey   | Reached skill level 8 in Spellcasting
  8142 | Bailey   | Reached XP level 10. HP: 46/75 MP: 0/0
  8164 | Bailey   | Identified the +6 flail "Muhu" {venom, Fragile rElec rPois
                  | MP-9}
  8853 | D:7      | Identified the +8 scale mail of Wrong Decisions {*Slow
                  | +Blink rElec Stlth+}
  9604 | D:7      | Reached skill level 10 in Spellcasting
  9604 | D:7      | Reached XP level 11. HP: 49/84 MP: 0/0
  9604 | D:7      | Learned a level 5 spell: Freezing Cloud
  9605 | D:7      | Reached * piety under Ashenzari
  9769 | D:8      | HP: 4/85 [cloud of freezing vapour (30)]
 10111 | D:8      | Found a shimmering altar of Xom.
 10118 | D:8      | Found a shimmering altar of Xom.
 10120 | D:8      | Found a shimmering altar of Xom.
 10160 | D:8      | Found a shimmering altar of Xom.
 10786 | D:8      | Found a shimmering altar of Xom.
 10787 | D:8      | Found a shimmering altar of Xom.
 11045 | D:9      | Noticed a two-headed ogre
 11051 | D:9      | Killed a two-headed ogre
 11207 | D:9      | Noticed Joseph
 11219 | D:9      | Killed Joseph
 11463 | D:9      | Found a staircase to the Orcish Mines.
 11465 | D:9      | Found Hofreele's Weapon Boutique.
 11730 | D:9      | Reached XP level 12. HP: 74/93 MP: 0/0
 12198 | D:9      | Found a shadowy altar of Dithmenos.
 12340 | D:10     | Entered Level 10 of the Dungeon
 12379 | D:10     | Reached skill level 1 in Evocations
 12382 | D:10     | Reached skill level 11 in Spellcasting
 12731 | D:10     | Noticed Sonja
 12737 | D:10     | Killed Sonja
 12746 | D:10     | Reached skill level 10 in Fighting
 12897 | D:10     | Noticed Psyche
 12899 | D:10     | Noticed Lodul
 12904 | D:10     | Killed Psyche
 12908 | D:10     | Killed Lodul
 13181 | D:10     | Found a portal to a secret trove of treasure.
 13181 | D:10     | Identified the +6 quarterstaff "Qekh" {spect, Fragile rPois
                  | Str+5}
 13192 | D:10     | Found an ornate altar of the Wu Jian Council.
 13310 | D:11     | Reached ** piety under Ashenzari
 13609 | D:11     | Noticed a two-headed ogre
 13618 | D:11     | Killed a two-headed ogre
 14039 | D:11     | Found a staircase to the Lair.
 14097 | D:11     | Noticed a two-headed ogre
 14103 | D:11     | Killed a two-headed ogre
 14104 | D:11     | Reached skill level 5 in Armour
 14416 | Lair:1   | Entered Level 1 of the Lair of Beasts
 14479 | Lair:1   | Reached XP level 13. HP: 99/103 MP: 0/0
 14479 | Lair:1   | Learned a level 5 spell: Iskenderun's Battlesphere
 14551 | Lair:1   | Reached skill level 12 in Spellcasting
 14620 | Lair:1   | Found a frozen archway.
 14634 | IceCv    | Entered an ice cave
 16256 | Lair:2   | Found a staircase to the Snake Pit.
 16363 | Lair:2   | Noticed HilariousDeathArtist's ghost (journeyman HOWr)
 16522 | Lair:2   | Found a transporter.
 16526 | Lair:2   | Found a transporter.
 16527 | Lair:2   | Identified the ring of the Solstice {Slay+5 SInv}
 17504 | Lair:3   | Found a staircase to the Shoals.
 17764 | Lair:3   | Reached skill level 13 in Spellcasting
 18061 | Lair:3   | Reached XP level 14. HP: 48/112 MP: 0/0
 19957 | Lair:5   | Entered Level 5 of the Lair of Beasts
 19992 | Lair:5   | HP: 4/112 [cane toad (18)]
 20001 | Lair:5   | Slain by a cane toad

Illustrated notes

Levels and vault maps discovered:
D:1:      dpeg_arrival_castle, layout_loops_corners
D:2:      layout_basic, shapermc_ecumenical_altar_mp_urbaneastern, uniq_terence,
          uniq_sigmund
D:3:      layout_basic, trog_hazing_becter, uniq_natasha
D:4:      layout_rooms, nicolae_qazlal_general_emergency
D:5:      layout_basic, slow_altar_1, dancing_weapons_uskayaw,
          minmay_temple_entry_mist, gup_sewer_entry_pipe
D:6:      layout_loops_ring, minmay_puff, uniq_edmund
D:7:      layout_loops_corners, mainiacjoe_overflow_paths,
          mainiacjoe_overflow_cross_hatched, enter_bailey_3
D:8:      layout_loops_ring, xom_shifter_show, nicolae_grassy_gnolls
D:9:      layout_stronghold, grunt_dithmenos_shadows, orc_david_3, uniq_joseph
D:10:     layout_rooms, nicolae_overflow_two_pavilions, enter_trove_0,
          uniq_psyche, uniq_lodul, uniq_sonja
D:11:     layout_basic, grunt_lair_entry_orc_guard_hut
Temple:   hellmonk_temple_forest_ring
Lair:1:   layout_roguey, portal_ice_cave_entry_pillars_2,
          nicolae_quartered_pool_medium, serial_bayou_crossing,
          lemuel_fruit_fields
Lair:2:   layout_gridlike, minmay_snake_entry_six_corridors,
          gammafunk_ghost_hive
Lair:3:   layout_roguey, minmay_shoals_entry_lonely_mermaid
Lair:4:   layout_cave_pods, cheibrodos_lair_lostbears
Lair:5:   minmay_lair_end_frog_pond, layout_regular_city, slime_entry_2,
          bobbens_dragon_lair_wall

Skill      XL: |  1  2  3  4  5  6  7  8  9 10 11 12 13 14 |
---------------+-------------------------------------------+-----
Fighting       | 1 2 3 4 5 6 8 9 10 11 12 | 12.4
Spellcasting   | 3 4 5 6 8 10 11 13 | 13.7
Short Blades   | 1 2 3 |  3.1
Dodging        | 3 |  3.7
Polearms       | 3 4 |  4.6
Armour         | 4 5 7 8 |  8.4
Evocations     | 4 |  4.0
Stealth        | |  1.5

Action                   |  1- 3 |  4- 6 |  7- 9 | 10-12 | 13-15 || total
-------------------------+-------+-------+-------+-------+-------++-------
Melee: Rapier            |     5 |       |       |       |       ||     5
       Spear             |       |     4 |    20 |    17 |    13 ||    54
       Short sword       |       |     3 |       |       |       ||     3
       Punch             |       |       |       |     1 |       ||     1
 Cast: Shock             |    46 |    76 |   231 |   215 |   168 ||   736
       Static Discharge  |     6 |    10 |    29 |    89 |    75 ||   209
       Swiftness         |     1 |     2 |     4 |     1 |       ||     8
       Kindle Blastspark |       |       |     6 |       |       ||     6
       Airstrike         |       |       |     9 |    17 |    10 ||    36
       Olgreb's Toxic Ra |       |       |     7 |    26 |    75 ||   108
       Freezing Cloud    |       |       |       |     9 |    11 ||    20
       Iskenderun's Batt |       |       |       |       |    17 ||    17
Invok: Curse Item        |       |       |     1 |     2 |       ||     3
 Abil: Evoke Blink       |       |       |       |       |     2 ||     2
Evoke: Wand              |       |       |       |       |     2 ||     2
  Use: Scroll            |       |     8 |     1 |     4 |     1 ||    14
       Potion            |       |       |     1 |     2 |     7 ||    10
 Stab: Sleeping          |       |       |       |     1 |       ||     1
Armor: Robe              |     6 |     6 |    13 |     3 |       ||    28
       Scale mail        |       |       |       |    73 |    85 ||   158
Dodge: Dodged            |     5 |    15 |    53 |    85 |    91 ||   249
       Repelled          |       |       |     2 |     1 |     1 ||     4

Table legend: (Time is in decaauts)
 A = Elapsed time spent in this place.
 B = Non-inter-level travel time spent in this place.
 C = Inter-level travel time spent in this place.
 D = Time resting spent in this place.
 E = Time spent auto-exploring this place.
 F = Levels seen in this place.
 G = Mean time per level.
                   A        B        C        D        E       F      G
               +--------+--------+--------+--------+--------+-----+--------+
         Total |  20002 |  19380 |    622 |   2073 |  13152 |  20 | 1000.1 |
       Dungeon |  13593 |  13058 |    535 |   1208 |   9268 |  11 | 1235.7 |
        Temple |    145 |    145 |      0 |      0 |    114 |   1 |  145.0 |
          Lair |   5141 |   5054 |     87 |    370 |   3622 |   5 | 1028.2 |
         Sewer |    290 |    290 |      0 |    114 |    119 |   1 |  290.0 |
        Bailey |    381 |    381 |      0 |     49 |     29 |   1 |  381.0 |
      Ice Cave |    450 |    450 |      0 |    332 |      0 |   1 |  450.0 |
               +--------+--------+--------+--------+--------+-----+--------+

Top non-repeatable levels by time:
     D:5: 1549 daAuts
     D:6: 1539 daAuts
     D:8: 1473 daAuts
     D:9: 1460 daAuts
  Lair:3: 1451 daAuts
  Lair:4: 1434 daAuts
  Lair:2: 1408 daAuts
     D:3: 1286 daAuts
     D:7: 1283 daAuts
     D:2: 1158 daAuts
    D:11: 1107 daAuts
     D:1: 1024 daAuts
    D:10: 979 daAuts
  Lair:1: 803 daAuts
     D:4: 731 daAuts
